Map: Last Fantasy LE

Players

ManlyManMeat - Winner!

  • Race: Zerg Zerg
  • League: Diamond
  • Spawn Location: 3:00

VOD

Have the link to the VOD?

Description

Time

  • Played on: June 22, 2025, 2:57 p.m.
  • Length: 11:54
Show
View Real Time Build Order
Export as new Build Order

ManlyManMeat Zerg - Winner!

Build Orders:  

Get SALT Encoding   

  12  0:00  Drone  
  13  0:12  Drone  
  14  0:23  Drone, Extractor  
  15  0:31  Overlord  
  15  0:58  Drone  
  16  1:09  Hatchery  
  15  1:11  Drone  
  15  1:16  Drone  
  17  1:22  Drone  
  18  1:43  Spawning Pool  
  18  1:49  Extractor  
  16  1:51  Drone  
  16  1:58  Drone  
  18  2:02  Drone  
  19  2:16  Drone  
  20  2:50  Queen x2  
  20  2:52  Zergling x4  
  20  2:59  Overlord  
  26  3:08  Drone  
  26  3:09  Drone  
  28  3:30  Drone x2  
  28  3:36  Drone x2  
  32  3:50  Hatchery  
  32  3:54  Drone  
  32  3:57  Drone  
  33  4:18  Drone x2  
  33  4:19  Drone  
  36  4:22  Overlord  
  36  4:33  Overlord x2  
  36  4:51  Extractor  
  36  4:52  Drone x2, Extractor  
  36  4:53  Drone  
  36  4:58  Metabolic Boost  
  37  5:05  Drone x3  
  37  5:07  Drone  
  41  5:11  Queen  
  43  5:21  Drone  
  43  5:22  Drone x6  
  50  5:46  Drone x2  
  50  5:49  Overlord x3  
  52  5:59  Zergling x2  
  51  6:00  Zergling x10  
  51  6:08  Drone x2  
  58  6:16  Drone x2, Baneling Nest  
  59  6:29  Queen  
  61  6:31  Queen  
  61  6:32  Drone x3  
  66  6:53  Drone  
  66  6:54  Drone x3  
  70  7:10  Drone x2  
  70  7:13  Drone  
  70  7:15  Hatchery  
  70  7:18  Hatchery  
  71  7:26  Lair, Evolution Chamber  
  71  7:27  Evolution Chamber  
  69  7:35  Overlord x3  
  69  7:44  Zergling x20  
  69  7:48  Baneling x3  
  79  7:57  Drone x2  
  81  8:02  Extractor  
  81  8:03  Baneling x6  
  81  8:04  Baneling x3  
  81  8:05  Zergling x8  
  84  8:31  Zerg Melee Weapons Level 1  
  84  8:36  Hatchery  
  84  8:38  Hatchery  
  82  8:41  Zerg Ground Armor Level 1  
  82  8:43  Extractor  
  82  8:45  Drone x3  
  82  8:46  Drone  
  84  9:00  Zergling x6  
  84  9:01  Zergling x18  
  94  9:13  Overlord x3  
  94  9:30  Zergling x6  
  94  9:31  Centrifugal Hooks  
  97  9:49  Zergling x18  
  106  10:13  Zergling x10  
  106  10:14  Zergling x18  
  120  10:44  Queen  
  120  10:45  Zergling x26  
  120  10:46  Zergling x4  
  137  10:58  Zergling x2  
  137  10:59  Zergling x14  
  142  11:10  Zergling x16  
  142  11:13  Overlord  
  142  11:14  Overlord  
  142  11:15  Overlord  
  145  11:20  Zergling x2  
  145  11:21  Zergling x10  
Tags
 
League
Diamond
Matchup
Co-op
Replay Pack
Myownreplay2
Add a new tag
Caveats
  • Supply blocks, unpowered buildings, or Contaminate may cause inaccurate times.
  • Supply counts are checked every 10 seconds.